 Dungeon Crawl Stone Soup version 0.30-a0-737-gf23d94013f (webtiles) character file.

Game seed: 12657574608587217970

3285 Legacy the Fighter (level 9, 89/94 HPs)
             Began as a Minotaur Berserker on Feb 2, 2023.
             Was an Elder of Trog.
             Quit the game on level 7 of the Dungeon.
             The game lasted 00:17:15 (6312 turns).

Legacy the Fighter (Minotaur Berserker)             Turns: 6312, Time: 00:17:17

Health: 89/94      AC:  8    Str: 25    XL:     9   Next: 69%
Magic:  8/8        EV: 11    Int:  4    God:    Trog [****..]
Gold:   339        SH:  3    Dex: 11    Spells: 8/8 levels left

rFire   . . .      SeeInvis .    u - +3 war axe
rCold   . . .      Faith    .    b - +0 buckler
rNeg    . . .      Spirit   .    g - +0 scale mail
rPois   .          Reflect  .    j - +1 hat
rElec   .          Harm     .    (no cloak)
rCorr   .          Rampage  .    (no gloves)
Will    .....                    (no boots) Stlth
                                 (no amulet)
HPRegen 0.35/turn                (no ring)
MPRegen 0.11/turn                (no ring)

@: no status effects
A: horns 2, retaliatory headbutt
a: Renounce Religion, Berserk, Trog's Hand, Brothers in Arms


You were on level 7 of the Dungeon.
You worshipped Trog.
Trog was greatly pleased with you.
You visited 1 branch of the dungeon, and saw 7 of its levels.

You collected 339 gold pieces.

Inventory:

Hand Weapons
 u - a +3 war axe (weapon)
Missiles
 f - a throwing net (quivered)
Armour
 b - a +0 buckler (worn)
 g - a +0 scale mail (worn)
 j - a +1 hat (worn)
Jewellery
 a - a ring of positive energy
 k - a ring of protection from cold
 r - a ring of protection from cold
 v - a ring of protection from cold
Wands
 h - a wand of mindburst (3)
Scrolls
 c - 3 scrolls of teleportation
 d - a scroll of torment
 e - a scroll of magic mapping
 n - 2 scrolls of blinking
 t - 2 scrolls of identify
Potions
 i - 2 potions of might {unknown}
 l - 2 potions of heal wounds {unknown}
 m - a potion of berserk rage {unknown}
 o - 2 potions of mutation {unknown}
 p - 2 potions of curing {unknown}
 q - a potion of haste {unknown}
 s - 2 potions of lignification {unknown}


   Skills:
 + Level 13.9 Fighting
 - Level 3.6 Axes
 + Level 7.2 Armour
 * Level 5.4 Dodging
 + Level 1.2 Stealth
 + Level 0.8 Shields


You had 8 spell levels left.
You didn't know any spells.
Your spell library was empty.

Dungeon Overview and Level Annotations

Branches:
Dungeon (7/15)             Temple (0/1) D:4

Altars:
Ashenzari
Dithmenos
Elyvilon
Gozag
Ru
Trog
Vehumet
Wu Jian
The Shining One


Innate Abilities, Weirdness & Mutations

You have a pair of horns on your head.
You reflexively headbutt those who attack you in melee.


Message History

Items here: )) [[.
There is a stone staircase leading up here.
Found 12 gold pieces.
Found a stone staircase leading down.
You now have 326 gold pieces (gained 12).
A sky beast comes into view.
The sky beast hits you. The sky beast shocks you.
There is a stone staircase leading down here.
You slash the sky beast! Your headbutt misses the sky beast.
The sky beast is moderately wounded.
The sky beast barely misses you.
The sky beast hits you but does no damage.
You closely miss the sky beast.
The sky beast is moderately wounded.
The sky beast misses you.
You hit the sky beast.
The sky beast is heavily wounded.
You block the sky beast's attack.
You hit the sky beast but do no damage.
The sky beast is heavily wounded.
You block the sky beast's attack. The sky beast hits you.
The sky beast shocks you.
You barely miss the sky beast.
The sky beast is heavily wounded.
The sky beast hits you. The sky beast shocks you.
You slash the sky beast!
The sky beast is severely wounded.
You block the sky beast's attack.
You hit the sky beast. You headbutt the sky beast.
You kill the sky beast!
Trog accepts your kill.
Found 13 gold pieces.
You now have 339 gold pieces (gained 13).
Found a sacrificial altar of Ru.
Found a radiant altar of Vehumet.
Found a glowing golden altar of the Shining One.
Found two altars.
Found a broken altar of Ashenzari.
Found a shadowy altar of Dithmenos.
Are you sure you want to abandon this character and quit the game? (Confirm with "yes".)

.))........#.#.#.#......#
###.....##.#.#.#.#..#.#......
.####.#.##.#.#.# #..#.####.##
..###.#.##.#########.......#
......#.##.###⌠_.# #..###..#
............# .... #.>..# #
......#.##.####..####.#.# .#
......#.##.##....._##.#.#..#
.####.#.##.####.@####.#.#..##
.# #.......#_...._#.........
.####.#....####..####.#.####.
.#......#####_...._#....#
........# ###..###..#.#
##......# #...._##.#.#
#......# #8..8###.# #
##.##### #...#.##.# # #.
#.#.#.##.###.#


There were no monsters in sight!

Vanquished Creatures
  Grinder (D:6)
  Sigmund (D:2)
  6 yaks (D:5)
  A sky beast (D:7)
  2 ice beasts
  2 ogres (D:4)
  A centaur (D:6)
  2 necrophages (D:6)
  A gnoll sergeant (D:5)
  3 scorpions
  9 wights
  5 killer bees (D:7)
  A hound (D:6)
  2 jellies (D:5)
  2 orc wizards (D:5)
  An iguana (D:5)
  11 adders
  13 gnolls
  A shadow imp (D:7)
  4 white imps
  2 ufetubi
  2 worms (D:3)
  9 orcs
  8 ball pythons
  5 bats
  3 endoplasms
  6 giant cockroaches
  6 goblins
  7 hobgoblins
  6 quokkas
  4 frilled lizards
  7 kobolds
  2 rats (D:1)
136 creatures vanquished.

Notes
Turn   | Place    | Note
-------+----------+-------------------------------------------
     0 | D:1      | Legacy the Minotaur Berserker began the quest for the Orb.
     0 | D:1      | Reached XP level 1. HP: 19/19 MP: 0/0
    77 | D:1      | Reached skill level 4 in Fighting
   373 | D:1      | Reached XP level 2. HP: 23/28 MP: 1/1
   726 | D:2      | Reached skill level 5 in Fighting
   726 | D:2      | Reached XP level 3. HP: 17/36 MP: 2/2
   898 | D:2      | Noticed Sigmund
   912 | D:2      | Killed Sigmund
   912 | D:2      | Reached ** piety under Trog
   913 | D:2      | Reached skill level 7 in Fighting
   913 | D:2      | Reached XP level 4. HP: 25/48 MP: 3/3
   913 | D:2      | Reached XP level 5. HP: 28/53 MP: 4/4
  1777 | D:3      | Reached skill level 8 in Fighting
  2025 | D:3      | Noticed an ice beast
  2036 | D:3      | Killed an ice beast
  2037 | D:3      | Reached XP level 6. HP: 48/62 MP: 5/5
  2296 | D:4      | Found a staircase to the Ecumenical Temple.
  2734 | D:4      | Reached skill level 9 in Fighting
  2751 | D:4      | Reached XP level 7. HP: 58/71 MP: 6/6
  3378 | D:5      | Entered Level 5 of the Dungeon
  3498 | D:5      | Reached *** piety under Trog
  3499 | D:5      | Reached skill level 10 in Fighting
  3789 | D:5      | Reached skill level 11 in Fighting
  4043 | D:5      | Noticed a yak
  4046 | D:5      | Noticed a yak
  4048 | D:5      | Noticed a yak
  4049 | D:5      | Noticed a yak
  4050 | D:5      | Noticed a yak
  4050 | D:5      | Noticed a yak
  4060 | D:5      | Killed a yak
  4061 | D:5      | Reached XP level 8. HP: 82/82 MP: 7/7
  4062 | D:5      | Reached skill level 12 in Fighting
  4562 | D:6      | Reached skill level 13 in Fighting
  4892 | D:6      | Reached XP level 9. HP: 91/93 MP: 8/8
  4964 | D:6      | Reached skill level 5 in Armour
  5060 | D:6      | Reached **** piety under Trog
  5173 | D:6      | Noticed Grinder
  5193 | D:6      | Killed Grinder
  5194 | D:6      | Reached skill level 1 in Stealth
  5820 | D:7      | Found a bloodstained altar of Trog.
  5853 | D:7      | Found an opulent altar of Gozag.
  5898 | D:7      | Reached skill level 5 in Dodging
  6303 | D:7      | Found a sacrificial altar of Ru.
  6306 | D:7      | Found a radiant altar of Vehumet.
  6307 | D:7      | Found a glowing golden altar of the Shining One.
  6308 | D:7      | Found an ornate altar of the Wu Jian Council.
  6308 | D:7      | Found a white marble altar of Elyvilon.
  6309 | D:7      | Found a broken altar of Ashenzari.
  6311 | D:7      | Found a shadowy altar of Dithmenos.
  6312 | D:7      | Quit the game

Illustrated notes

Levels and vault maps discovered:
D:1:      eino_arrival_cavern_b, layout_basic, chequers_serial_rivers_micro_b
D:2:      layout_basic, minivault_11, uniq_sigmund
D:3:      layout_basic
D:4:      layout_basic, minmay_temple_entry_statues_fountains,
          minmay_pentomino_pile
D:5:      layout_basic
D:6:      layout_gridville, uniq_grinder
D:7:      nicolae_cairo_tiling, layout_basic, minitemple,
          grunt_gozag_breadcrumbs, hangedman_feature_mirror

Skill      XL: |  1  2  3  4  5  6  7  8  9 |
---------------+----------------------------+-----
Fighting       | 4 5 7 8 9 11 13 | 13.9
Armour         | 4 7 |  7.2
Dodging        | 4 5 |  5.4
Stealth        | 1 |  1.2
Axes           | |  3.6
Shields        | |  0.8

Action                     |  1- 3 |  4- 6 |  7- 9 || total
---------------------------+-------+-------+-------++-------
  Melee: Hand axe          |    64 |    59 |   145 ||   268
         Headbutt          |     5 |    10 |    37 ||    52
         Punch             |       |     1 |       ||     1
         War axe           |       |       |    34 ||    34
 Invoke: Berserk           |     1 |       |     2 ||     3
    Use: Scroll            |       |     3 |     5 ||     8
 Armour: Animal skin       |    12 |       |       ||    12
         Scale mail        |    19 |    26 |   103 ||   148
  Dodge: Dodged            |    61 |    44 |   166 ||   271
  Block: Buckler           |       |       |    20 ||    20

Table legend: (Time is in decaauts)
 A = Elapsed time spent in this place.
 B = Non-inter-level travel time spent in this place.
 C = Inter-level travel time spent in this place.
 D = Time resting spent in this place.
 E = Time spent auto-exploring this place.
 F = Levels seen in this place.
 G = Mean time per level.
                   A        B        C        D        E       F      G
               +--------+--------+--------+--------+--------+-----+--------+
         Total |   6387 |   5708 |    679 |   1055 |      0 |   7 |  912.4 |
       Dungeon |   6387 |   5708 |    679 |   1055 |      0 |   7 |  912.4 |
               +--------+--------+--------+--------+--------+-----+--------+

Top non-repeatable levels by time:
     D:6: 1270 daAuts
     D:4: 1181 daAuts
     D:5: 1176 daAuts
     D:2: 1011 daAuts
     D:1: 658 daAuts
     D:3: 556 daAuts
     D:7: 532 daAuts
